 Dungeon Crawl Stone Soup version 0.15-a0-2130-g28e4b74 (webtiles) character file.

168 Bubba the Grave Robber (level 5, -2/35 HPs)
             Began as a Mummy Necromancer on July 17, 2014.
             Slain by an adder (4 damage)
             ... on Level 5 of the Dungeon.
             The game lasted 00:24:16 (2862 turns).

Bubba the Grave Robber (Mummy Necromancer)          Turns: 2862, Time: 00:24:20

HP  -2/35        AC  7     Str 11      XL: 5   Next: 23%
MP   1/11        EV  9     Int 15      God:
Gold 205         SH  0     Dex 12      Spells:  3 memorised,  6 levels left

rFire  x . .     SeeInvis .     c - +1 whip
rCold  + . .     Clarity  .     i - +0 ring mail {MR+}
rNeg   + + +     rCorr    .     (no shield)
rPois  +         rRot     +     r - +0 helmet
rElec  .         Spirit   .     (no cloak)
SustAb .         Warding  .     p - +0 pair of gloves
rMut   .         Stasis   .     (no boots)
Gourm  .                        (no amulet)
MR     +....                    (no ring)
                                h - ring of stealth

@: about to teleport, very slightly contaminated, somewhat resistant to hostile
enchantments, unstealthy
A: no food or potions, fire vulnerability, restore body, cold resistance 1,
negative energy resistance 3, poison resistance, torment resistance, unbreathing
a: no special abilities


You were on level 5 of the Dungeon.
You were not hungry.

You visited 1 branch of the dungeon, and saw 5 of its levels.

You collected 205 gold pieces.

Inventory:

Hand weapons
 c - a +1 whip (weapon)
 j - a +0 hunting sling
Missiles
 e - 13 arrows of frost
 g - 6 needles of confusion
 k - 20 stones (quivered)
 q - 11 sling bullets
Armour
 a - a +0 robe
 i - a +0 ring mail of magic resistance (worn)
 p - a +0 pair of gloves (worn)
 r - a +0 helmet (worn)
Scrolls
 d - 2 scrolls of remove curse
 l - 3 scrolls of blinking
 m - a scroll of teleportation
 n - 4 scrolls of identify
Jewellery
 f - an uncursed ring of sustain abilities
 h - a ring of stealth (left hand)
Books
 b - a book of Necromancy

   Spells                             Type                      Level
   *Pain                              Necromancy                   1
   *Animate Skeleton                  Necromancy                   1
   *Vampiric Draining                 Necromancy                   3
   Regeneration                       Charms/Necromancy            3
   Animate Dead                       Necromancy                   4
   Control Undead                     Necromancy                   4


   Skills:
 + Level 0.2 Slings
 - Level 1.5 Dodging
 - Level 1.5 Stealth
 + Level 3.6 Spellcasting
 * Level 5.5 Necromancy


You had 6 spell levels left.
You knew the following spells:

 Your Spells              Type           Power        Failure   Level  Hunger
a - Pain                  Necr           ###.         4%          1    N/A
b - Animate Skeleton      Necr           N/A          4%          1    N/A
c - Vampiric Draining     Necr           ###.......   12%         3    N/A

Dungeon Overview and Level Annotations

Branches:
Dungeon (5/15)
 Temple: D:4-7

Altars:
Dithmenos

Annotations:
D:4 Eustachio
D:5 Pikel


Innate Abilities, Weirdness & Mutations

You do not eat or drink.
Your flesh is vulnerable to fire.
Your flesh is cold resistant.
You are immune to negative energy.
Your system is resistant to poisons.
You are immune to unholy pain and torment.
You can survive without breathing.


Message History

Aim: Pikel, wielding a whip of freezing and wearing a robe (grey smoke, severely wounded)
You miscast Pain.
Nothing appears to happen.
Pikel hits you with a whip of freezing.
* * * LOW HITPOINT WARNING * * *
Pikel freezes you.
* * * LOW HITPOINT WARNING * * *
Unknown command.
The adder barely misses you. The adder bites you but does no damage.
The adder bites you.
* * * LOW HITPOINT WARNING * * *
The adder barely misses you.
Read which item? (? for menu, Esc to quit)
As you read the scroll labeled YQOIMU KHIG, it crumbles to dust.
You feel strangely unstable.
It was a scroll of teleportation.
The adder bites you.
* * * LOW HITPOINT WARNING * * *
Pikel says, "You'll feel the lick of my whip!"
The adder bites you.
You die...

...#.....## #
#.......# ##.
#......!## #..#
##.....#..#
#..##§§§§§###..
#..#§§§§## ..
#§§§§.## .. ###
#§§§§### ..
#@####.§.§..#
..
#S##...##§....#
#.
#K...######..##
# #..### .##
#.## .# ### #


You could see Pikel and an adder.

Vanquished Creatures
  A worker ant (D:4)
  A gnoll (D:4)
  2 adders
  A giant mite (D:3)
  3 worms
  An orc (D:4)
  A ball python (D:1)
  9 bats
  2 giant cockroaches
  7 hobgoblins
  2 oozes
  A quokka (D:3)
  2 giant geckos (D:2)
  3 giant newts
  11 goblins
  A goblin skeleton (D:4)
  10 kobolds
  10 rats
68 creatures vanquished.

Vanquished Creatures (collateral kills)
  Ijyb (D:1)
  An adder (D:2)
  A worm (D:2)
  A goblin (D:2)
  2 hobgoblins (D:1)
  A kobold (D:1)
7 creatures vanquished.

Vanquished Creatures (others)
  5 bat skeletons
  2 goblin skeletons
  2 hobgoblin skeletons (D:2)
  3 kobold skeletons
  An orc skeleton (D:4)
  4 rat skeletons
17 creatures vanquished.

Grand Total: 92 creatures vanquished

Notes
Turn   | Place    | Note
--------------------------------------------------------------
     0 | D:1      | Bubba, the Mummy Necromancer, began the quest for the Orb.
     0 | D:1      | Reached XP level 1. HP: 13/13 MP: 3/3
    17 | D:1      | Learned a level 1 spell: Animate Skeleton
   420 | D:1      | Reached XP level 2. HP: 19/19 MP: 2/4
  1118 | D:2      | Noticed Ijyb
  1154 | D:1      | Killed Ijyb
  1154 | D:1      | Reached XP level 3. HP: 20/24 MP: 1/6
  1569 | D:2      | Reached XP level 4. HP: 28/30 MP: 4/9
  1600 | D:2      | Learned a level 3 spell: Vampiric Draining
  1873 | D:3      | Reached skill level 5 in Necromancy
  2464 | D:4      | Noticed Eustachio
  2489 | D:4      | Noticed a phantom
  2647 | D:4      | Found a shadowy altar of Dithmenos.
  2672 | D:4      | Reached XP level 5. HP: 29/35 MP: 2/11
  2805 | D:4      | Noticed Pikel
  2805 | D:4      | Noticed a slave
  2806 | D:4      | Noticed a slave
  2807 | D:4      | Noticed a slave
  2808 | D:4      | Noticed a slave
  2838 | D:5      | Entered Level 5 of the Dungeon
  2862 | D:5      | Slain by an adder

Action                   |  1- 3 |  4- 6 || total
-------------------------+-------+-------++-------
Melee: Unarmed           |     1 |       ||     1
       Whip              |     3 |     5 ||     8
 Fire: Hunting sling     |     2 |    12 ||    14
 Cast: Pain              |    65 |    93 ||   158
       Animate Skeleton  |    21 |    12 ||    33
       Vampiric Draining |       |     1 ||     1
  Use: Scroll            |     5 |     2 ||     7
